 Dungeon Crawl Stone Soup version 0.29-a0-1027-gcd8c55af63 (webtiles) character file.

Game seed: 840302757539217380

7908 drugrobin the Cleaver (level 10, -3/83 (84) HPs)
             Began as a Demigod Gladiator on Aug 13, 2022.
             Slain by a two-headed ogre
             ... wielding a +0 giant club
              (26 damage)
             ... on level 9 of the Dungeon.
             The game lasted 00:26:50 (12087 turns).

drugrobin the Cleaver (Demigod Gladiator)          Turns: 12087, Time: 00:26:50

HP:   -3/83 (84)    AC:  8    Str: 27    XL:     10   Next: 72%
MP:   13/13         EV: 16    Int: 10    God:
Gold: 1125          SH:  0    Dex: 21    Spells: 6/9 levels left

rFire   + . .      SeeInvis .   a - +0 battleaxe
rCold   . . .      Faith    .   (shield currently unavailable)
rNeg    . . .      Spirit   .   z - +2 troll leather armour
rPois   .          Reflect  .   J - +0 helmet
rElec   .          Harm     .   (no cloak)
rCorr   .          Rampage  .   f - +0 pair of gloves
Will    +....                   (no boots)
Stlth   ++........              (no amulet)
HPRegen 1.03/turn               F - +6 ring of dexterity
MPRegen 0.13/turn               e - ring of protection from fire

@: lightly drained
A: high MP 1, forlorn, divine attributes
a: no special abilities


You were on level 9 of the Dungeon.
You visited 2 branches of the dungeon, and saw 10 of its levels.

You collected 1422 gold pieces.
You spent 297 gold pieces at shops.

Inventory:

Hand Weapons
 a - a +0 battleaxe (weapon)
 b - a +0 whip of venom
 c - a +0 war axe
Missiles
 p - 3 silver javelins (quivered)
 D - a javelin
 L - 5 poisoned darts
Armour
 f - a +0 pair of gloves (worn)
 z - a +2 troll leather armour (worn)
 J - a +0 helmet (worn)
Magical Staves
 q - a staff of death
Jewellery
 e - a ring of protection from fire (right hand)
 k - a ring of fire
 w - a ring of protection from cold
 F - a +6 ring of dexterity (left hand)
Wands
 n - a wand of flame (18)
 t - a wand of charming (20)
 x - a wand of acid (9)
 E - a wand of mindburst (9)
 I - a wand of digging (4)
Scrolls
 i - a scroll of fog
 l - a scroll of silence
 o - 3 scrolls of blinking {unknown}
 u - 6 scrolls of enchant weapon {unknown}
 v - a scroll of enchant armour
 y - 2 scrolls of amnesia {unknown}
 A - 3 scrolls of teleportation
 B - 2 scrolls of torment {unknown}
 C - a scroll of vulnerability
 K - a scroll of fear {unknown}
 M - a scroll of identify
Potions
 g - 8 potions of curing
 h - a potion of attraction {unknown}
 j - a potion of ambrosia {unknown}
 m - 5 potions of might {unknown}
 r - a potion of magic {unknown}
 s - 3 potions of heal wounds {unknown}
 G - a potion of resistance {unknown}
 H - 4 potions of haste {unknown}


   Skills:
 + Level 6.4 Fighting
 + Level 10.9 Axes
 - Level 1.7 Throwing
 + Level 6.3 Dodging
 * Level 4.8 Necromancy
 + Level 6.1 Evocations


You had 6 spell levels left.
You knew the following spells:

 Your Spells              Type           Power      Damage    Failure   Level
a - Necrotise             Necr           36%        1d5       6%          1
b - Blink                 Tloc           0%         N/A       54%         2

Your spell library contained the following spells:

 Spells                   Type           Power      Damage    Failure   Level
 Vampiric Draining        Necr           9%         2d6       17%         3
 Apportation              Tloc           0%         N/A       38%         1
 Summon Small Mammal      Summ           0%         N/A       38%         1
 Dispel Undead            Necr           9%         3d8       50%         4
 Lesser Beckoning         Tloc           0%         N/A       77%         3
 Ozocubu's Armour         Ice            0%         N/A       77%         3
 Agony                    Necr           9%         N/A       85%         5
 Corpse Rot               Necr/Pois/Air  3%         N/A       91%         4
 Manifold Assault         Tloc           0%         N/A       100%        5
 Death Channel            Necr           4%         N/A       100%        6
 Ozocubu's Refrigeration  Ice            0%         4d7       100%        7


Dungeon Overview and Level Annotations

Branches:
Dungeon (9/15)             Temple (1/1) D:5
   Lair: D:8-11         Orc: D:9-12

Shops:
D:1 [   D:9 [

Annotations:
D:4 Duvessa


Innate Abilities, Weirdness & Mutations

You have an increased reservoir of magic. (+10% MP)
You shall have no god before yourself.
Your divine heritage dramatically boosts your attributes as you level up.


Message History

The two-headed ogre is poisoned.
The two-headed ogre shouts in stereo!
Throw: 9 darts (poison)
Press: ? - help, Shift-Dir - straight line, f/p - two-headed ogre
Aim: a two-headed ogre, wielding two +0 giant clubs (lightly wounded, poisoned, 78% to hit)
You throw a poisoned dart.
The poisoned dart hits the two-headed ogre.
The two-headed ogre looks even sicker.
The two-headed ogre is lightly wounded.
Throw: 8 darts (poison)
Press: ? - help, Shift-Dir - straight line, f/p - two-headed ogre
Aim: a two-headed ogre, wielding two +0 giant clubs (lightly wounded, very poisoned, 78% to hit)
You throw a poisoned dart.
The poisoned dart barely misses the two-headed ogre.
Throw: 7 darts (poison)
Press: ? - help, Shift-Dir - straight line, f/p - two-headed ogre
Aim: a two-headed ogre, wielding two +0 giant clubs (lightly wounded, very poisoned, 78% to hit)
You throw a poisoned dart.
The poisoned dart hits the two-headed ogre.
The two-headed ogre looks even sicker.
The two-headed ogre is lightly wounded.
Throw: 6 darts (poison)
Press: ? - help, Shift-Dir - straight line, f/p - two-headed ogre
Aim: a two-headed ogre, wielding two +0 giant clubs (lightly wounded, very poisoned, 78% to hit)
You throw a poisoned dart.
The poisoned dart hits the two-headed ogre.
The two-headed ogre looks as sick as possible!
The two-headed ogre is lightly wounded.
Unknown command.
Unknown command.
You hit the two-headed ogre but do no damage.
The two-headed ogre is lightly wounded.
The two-headed ogre hits you with a +0 giant club!! x2
Unknown command.
Unknown command.
The two-headed ogre attacks as you move away!
The two-headed ogre hits you with a +0 giant club!
* * * LOW HITPOINT WARNING * * *
The two-headed ogre hits you with a +0 giant club!!
You die...

#..........#. #........ .'
#####...... .####'#
.........####........
.........'..#.......#
.....P...#..'.......#
...~.~~..#..######..#
..P~~~~..##......#..#
...~~~~...#.....@#..#####
...~~.~...#..)...O.....?#
..........#......#......#
..........#(.....#.(.....
###.......#......#..(....
#.......########..!.(..
#....................(........
#..#########...#####...........
#..# #...# #...........


You could see a two-headed ogre (extremely poisoned).

Vanquished Creatures
  2 two-headed ogres (D:9)
  An unseen horror (D:8)
  3 unseen horror zombies (D:9)
  A shadow (D:9)
  3 yaks
  2 wyverns
  2 steam dragons
  A water moccasin (D:9)
  2 orc warriors (D:9)
  2 ice beasts
  A sky beast (D:7)
  An ogre (D:6)
  4 centaurs
  4 phantoms
  4 bullfrogs
  A necrophage (D:5)
  2 scorpions (D:5)
  A wyvern zombie (D:9)
  14 wights
  Dowan (D:4)
  7 killer bees
  5 howler monkeys
  7 centaur zombies (D:9)
  3 gnoll boudas
  6 orc priests
  4 hounds
  3 jellies
  4 iguanas
  12 orc wizards
  A howler monkey zombie (D:9)
  17 gnolls
  11 adders
  3 shadow imps
  A white imp (D:4)
  An ufetubus (D:5)
  37 orcs
  9 bats
  2 endoplasms
  7 giant cockroaches
  5 goblins
  6 hobgoblins
  2 jackals (D:4)
  2 quokkas
  4 ball pythons
  4 frilled lizards
  6 kobolds
  5 rats
226 creatures vanquished.

Vanquished Creatures (collateral kills)
  An orc (D:8)
1 creature vanquished.

Vanquished Creatures (others)
  A yak (D:7)
  An ogre (D:5)
  An orc (D:6)
  A withered plant (D:9)
4 creatures vanquished.

Grand Total: 231 creatures vanquished

Notes
Turn   | Place    | Note
-------+----------+-------------------------------------------
     0 | D:1      | drugrobin the Demigod Gladiator began the quest for the
                  | Orb.
     0 | D:1      | Reached XP level 1. HP: 17/17 MP: 3/3
    56 | D:1      | Reached skill level 3 in Axes
   272 | D:1      | Reached XP level 2. HP: 24/24 MP: 4/4
   381 | D:1      | Learned a level 1 spell: Necrotise
   593 | D:1      | Found Waarom's Armour Shop.
   816 | D:2      | Reached XP level 3. HP: 29/29 MP: 5/5
   831 | D:2      | Reached skill level 4 in Axes
  1970 | D:2      | Reached XP level 4. HP: 29/36 MP: 6/6
  2098 | D:3      | Noticed an ice beast
  2167 | D:2      | Reached skill level 5 in Axes
  2393 | D:3      | Killed an ice beast
  2394 | D:3      | Reached skill level 6 in Axes
  2394 | D:3      | Reached XP level 5. HP: 41/41 MP: 7/7
  3282 | D:4      | Reached XP level 6. HP: 38/48 MP: 8/8
  3924 | D:5      | Entered Level 5 of the Dungeon
  3926 | D:5      | Reached skill level 7 in Axes
  4034 | D:5      | Found a staircase to the Ecumenical Temple.
  4081 | D:5      | Reached XP level 7. HP: 43/53 MP: 9/9
  4148 | D:4      | Reached skill level 8 in Axes
  4436 | D:4      | Noticed Duvessa
  4436 | D:4      | Noticed Dowan
  5249 | D:4      | Killed Dowan
  5294 | Temple   | Entered the Ecumenical Temple
  5562 | D:6      | Reached skill level 9 in Axes
  5607 | D:6      | Reached skill level 1 in Evocations
  5808 | D:6      | You fall into a shaft and drop 2 floors!
  5877 | D:8      | Reached XP level 8. HP: 48/62 MP: 10/10
  7284 | D:6      | Learned a level 2 spell: Blink
  8363 | D:8      | Reached XP level 9. HP: 58/71 MP: 11/11
  8743 | D:7      | Reached skill level 10 in Axes
  9243 | D:1      | Bought a +2 troll leather armour for 297 gold pieces
  9789 | D:7      | Reached skill level 5 in Fighting
  9964 | D:8      | Identified a scroll of acquirement
  9965 | D:8      | Acquired 974 gold pieces
 10109 | D:8      | Reached skill level 5 in Dodging
 10611 | D:8      | Killed an unseen horror
 10612 | D:8      | Reached skill level 1 in Necromancy
 10612 | D:8      | Reached skill level 5 in Evocations
 10970 | D:9      | Reached XP level 10. HP: 35/83 MP: 13/13
 11347 | D:9      | Noticed a two-headed ogre
 11697 | D:9      | Found Haijoi's Antique Armour Shop.
 11760 | D:9      | Killed a two-headed ogre
 11961 | D:9      | Noticed a two-headed ogre
 11966 | D:9      | Killed a two-headed ogre
 12079 | D:9      | Noticed a two-headed ogre
 12087 | D:9      | Slain by a two-headed ogre

Illustrated notes

Levels and vault maps discovered:
D:1:      shiori_arrival_oz, layout_rooms, serial_shops,
          nicolae_shop_temple_entry_statues_fountains
D:2:      layout_basic
D:3:      layout_basic, chequers_decorated_corner
D:4:      layout_rooms, uniq_duvessa
D:5:      layout_basic, minmay_temple_entry_slanted, st_stairs_2,
          kennysheep_generic_room_16
D:6:      layout_basic, fedhas_altar_fruit_tree, mainiacjoe_overflow_24_doors,
          xom_confusion_cloud
D:7:      layout_basic, general_overflow_altar
D:8:      minmay_angry_zag, layout_basic, nemelex_spade_bored_becter
D:9:      layout_irregular_city, marbit_many_paths,
          mainiacjoe_overflow_big_doors, serial_shops, kennysheep_mini_moat,
          serial_undead, serial_undead_f, serial_undead_d, serial_undead_c,
          serial_undead_a, minmay_starry_boxes
Temple:   nicolae_temple_figure_eight

Skill      XL: |  1  2  3  4  5  6  7  8  9 10 |
---------------+-------------------------------+-----
Axes           | 3 4 6 7 9 10 | 10.9
Fighting       | 2 4 5 6 |  6.4
Evocations     | 1 3 5 6 |  6.1
Dodging        | 4 5 6 |  6.3
Necromancy     | 2 4 |  4.8
Throwing       | |  1.7

Action                   |  1- 3 |  4- 6 |  7- 9 | 10-12 || total
-------------------------+-------+-------+-------+-------++-------
Melee: War axe           |   117 |   115 |   258 |       ||   490
       Punch             |     1 |       |     5 |       ||     6
       Whip              |       |       |    32 |       ||    32
       Battleaxe         |       |       |    82 |   128 ||   210
Throw: Boomerang         |     7 |    32 |    52 |       ||    91
       Javelin           |       |     3 |    19 |     3 ||    25
       Throwing net      |       |       |     4 |     1 ||     5
       Dart              |       |       |       |    10 ||    10
 Cast: Necrotise         |     8 |     3 |    12 |       ||    23
Evoke: Wand              |       |       |     4 |     3 ||     7
  Use: Scroll            |       |       |     8 |       ||     8
       Potion            |       |       |     1 |       ||     1
 Stab: Sleeping          |     1 |     1 |       |       ||     2
       Held in net/web   |       |       |       |     1 ||     1
Armor: Leather armour    |    52 |    45 |    55 |       ||   152
       Troll leather arm |       |       |    40 |    52 ||    92
Dodge: Dodged            |    92 |    75 |   281 |   155 ||   603

Table legend: (Time is in decaauts)
 A = Elapsed time spent in this place.
 B = Non-inter-level travel time spent in this place.
 C = Inter-level travel time spent in this place.
 D = Time resting spent in this place.
 E = Time spent auto-exploring this place.
 F = Levels seen in this place.
 G = Mean time per level.
                   A        B        C        D        E       F      G
               +--------+--------+--------+--------+--------+-----+--------+
         Total |  12226 |  11449 |    777 |   1816 |   7051 |  10 | 1222.6 |
       Dungeon |  12224 |  11447 |    777 |   1816 |   7051 |   9 | 1358.2 |
        Temple |      1 |      1 |      0 |      0 |      0 |   1 |    1.0 |
               +--------+--------+--------+--------+--------+-----+--------+

Top non-repeatable levels by time:
     D:8: 2094 daAuts
     D:6: 1749 daAuts
     D:7: 1677 daAuts
     D:2: 1483 daAuts
     D:4: 1214 daAuts
     D:3: 1055 daAuts
     D:5: 1054 daAuts
     D:9: 1013 daAuts
     D:1: 882 daAuts
  Temple: 1 daAuts
